AoeStats
← ***

Arabian Desert

509004667Analyzed
1v1 RM · 6d ago on Sep 25, 2026· 49m 27s· 2 players
Game mode
Random Map
Map size
Tiny (2 player)
Population
200
Speed
Normal
Resources
Standard
Victory
Conquest
Starting age
Dark Age
Ending age
Imperial Age
RankedLock teamsTeams togetherTeam positionsShared explorationLock speedFull tech treeHidden civsTurbo modeCheats
Victory
Defeat
🇭🇰 Celts · Hong Kong SAR China
1836
+12
🇨🇳 Bohemians · China
1754
-12
***
6:05 Loom
8:54 Feudal Age
8:57 Man-at-Arms
9:58 Double-Bit Axe
13:46 Fletching
18:10 Padded Archer Armor
20:08 Wheelbarrow
19:18 Town Watch
19:44 Horse Collar
26:12 Castle Age
25:40 Gold Mining
26:49 Bodkin Arrow
26:14 Crossbowman
26:50 Elite Skirmisher
31:16 Leather Archer Armor
33:15 Scale Barding Armor
43:44 Imperial Age
43:50 Scale Mail Armor
45:51 Chain Mail Armor
47:30 Plate Mail Armor
47:15 Arson
49:55 Forging
丞相终结者
6:39 Loom
9:03 Feudal Age
9:45 Double-Bit Axe
18:03 Fletching
19:06 Padded Archer Armor
27:26 Castle Age
28:03 Bodkin Arrow
28:12 Crossbowman
40:26 Horse Collar
40:56 Bow Saw
44:57 Imperial Age
45:45 Bracer
47:12 Leather Archer Armor
Connection lost

Rejoining the realm…

Still unreachable

The connection could not be restored.

Session expired

The server has moved on; the page needs a fresh start.